 Dungeon Sprint DCSS version 0.19.5 (webtiles) character file.

14452 equalderp2856 the Eviscerator (level 11, -12/55 HPs)
             Began as a Felid Fighter on Mar 10, 2017.
             Was an Initiate of Gozag.
             Mangled by a profane servitor
             ... wielding a +1 demon whip
              (19 damage)
             ... in the Dungeon (Sprint VII: "The Pits").
             The game lasted 00:27:53 (4789 turns).

equalderp2856 the Eviscerator (Felid Fighter)       Turns: 4789, Time: 00:27:54

Health: -12/55     AC:  3    Str: 13    XL:     11   Next: 88%
Magic:  0/14       EV: 42    Int: 11    God:    Gozag
Gold:   1226       SH:  0    Dex: 24    Spells: 1 memorised, 9 levels left
                                        Lives:  0   Deaths: 3

rFire  . . .     SeeInvis +       - Unarmed
rCold  + . .     Gourm    .     (armour unavailable)
rNeg   . . .     Faith    .     (shield unavailable)
rPois  .         Spirit   +     (helmet unavailable)
rElec  .         Reflect  .     (cloak unavailable)
rCorr  .         Harm     .     (gloves unavailable)
MR     +....     NoTele   +     (boots unavailable)
Stlth  +++++++++.               I - amulet of Xom's Fair Game {Spirit Dex+3}
                                n - +3 ring of evasion
                                m - +3 ring of dexterity

@: gold aura, very slightly contaminated, wreathed by umbra, quick
A: no armour, no weapons or thrown items, stealth, claws 1, fangs 3, see
invisible, carnivore 3, speed 1, shaggy fur 3, slow metabolism 1, sharp paws
a: Potion Petition, Call Merchant, Bribe Branch, Renounce Religion


You were in the Dungeon.
You worshipped Gozag.
Gozag was most pleased with you.
You were not hungry.

You visited 1 branch You collected 12638 gold pieces.
You paid 11412 gold pieces to Gozag.

Inventory:

Jewellery
 m - a +3 ring of dexterity (left paw)
 n - a +3 ring of evasion (right paw)
 v - an uncursed ring of protection from magic
 w - an uncursed ring of stealth
 H - the amulet of Duiq {*Corrode Regen+ Dex+2 Stlth+}
   (You found it in the Dungeon)

   [amulet of regeneration]

   It affects your dexterity (+2).
   It increases your rate of regeneration.
   It may corrode you when you take damage.
   It makes you more stealthy.
 I - the amulet of Xom's Fair Game (around neck) {Spirit Dex+3}
   (You found it in the Dungeon)

   [amulet of guardian spirit]

   It causes incoming damage to be split between your health and magic.
   It affects your dexterity (+3).
 J - the ring "Maumeaf" {*Contam rPois rF+ rC+ SInv}
   (You found it in the Dungeon)

   [ring of see invisible]

   It protects you from fire.
   It protects you from cold.
   It protects you from poison.
   It lets you see invisible.
   It causes magical contamination when unequipped.
 K - the amulet "Qaloot" {*Drain rF- Regen+ Str+9 Stlth+}
   (You found it in the Dungeon)

   [amulet of regeneration]

   It affects your strength (+9).
   It makes you vulnerable to fire.
   It increases your rate of regeneration.
   It causes draining when unequipped.
   It makes you more stealthy.
 L - the ring of Russ {rPois MR+ AC+6 Int+2}
   (You found it in the Dungeon)

   [ring of protection]

   It affects your AC (+6).
   It affects your intelligence (+2).
   It protects you from poison.
   It affects your resistance to hostile enchantments.
 M - the ring "Tethrorr" {rElec MR+ Int+6}
   (You found it in the Dungeon)

   [ring of intelligence]

   It affects your intelligence (+6).
   It insulates you from electricity.
   It affects your resistance to hostile enchantments.
 N - the ring "Tovaz" {rF+ Dex+5 Stlth+}
   (You found it in the Dungeon)

   [ring of protection from fire]

   It affects your dexterity (+5).
   It protects you from fire.
   It makes you more stealthy.
 R - the ring "Toyzurche" {rN+ Str+6 Dex+4 Stlth-}
   (You found it in the Dungeon)

   [ring of positive energy]

   It affects your strength (+6).
   It affects your dexterity (+4).
   It protects you from negative energy.
   It makes you less stealthy.
 S - the amulet "Uxkopiu" {Harm *Drain +Fly rPois rF+ Int-5}
   (You found it in the Dungeon)

   [amulet of harm]

   It increases damage dealt and taken.
   It affects your intelligence (-5).
   It protects you from fire.
   It protects you from poison.
   It lets you fly.
   It causes draining when unequipped.
Wands
 O - a wand of polymorph (15/24)
 P - a wand of heal wounds (5/9)
 Q - a wand of hasting (5/9)
Scrolls
 j - 6 scrolls of remove curse
 k - 5 scrolls of amnesia
 l - a scroll of summoning
 p - 3 scrolls of recharging
 r - a scroll of identify
 t - a scroll of fog
 u - a scroll of fear
Potions
 a - 4 potions of might
 f - 4 potions of magic
 g - 4 potions of berserk rage
 i - 2 potions of invisibility
 o - 5 potions of cure mutation
 q - 2 potions of agility
 s - 2 potions of resistance
Books
 d - a book of the Warp

   Spells                             Type                      Level
   a - Gell's Gravitas                Hexes/Translocation          3
   b - Portal Projectile              Translocation                3
   c - Force Lance                    Conjuration/Translocation    4
   d - Dispersal                      Translocation                6
   e - Controlled Blink               Translocation                8
   f - Disjunction                    Translocation                8
 x - a book of the Earth

   Spells                             Type                      Level
   a - Leda's Liquefaction            Hexes/Earth                  4
   b - Bolt of Magma                  Conjuration/Fire/Earth       5
   c - Statue Form                    Transmutation/Earth          6
   d - Iron Shot                      Conjuration/Earth            6
   e - Shatter                        Earth                        9
 y - a Young Poisoner's Handbook

   Spells                             Type                      Level
   a - Sting                          Conjuration/Poison           1
   b - Mephitic Cloud                 Conjuration/Poison/Air       3
   c - Olgreb's Toxic Radiance        Poison                       4
   d - Alistair's Intoxication        Transmutation/Poison         5
   e - Venom Bolt                     Conjuration/Poison           5
 z - a manual of Maces & Flails
 A - a book of Annihilations

   Spells                             Type                      Level
   a - Poison Arrow                   Conjuration/Poison           6
   b - Chain Lightning                Conjuration/Air              8
   c - Lehudib's Crystal Spear        Conjuration/Earth            8
   d - Glaciate                       Conjuration/Ice              9
   e - Fire Storm                     Conjuration/Fire             9
 B - a book of Frost

   Spells                             Type                      Level
   a - Freeze                         Ice                          1
   b - Throw Frost                    Conjuration/Ice              2
   c - Ozocubu's Armour               Charms/Ice                   3
   d - Throw Icicle                   Conjuration/Ice              4
   e - Summon Ice Beast               Ice/Summoning                4
 C - a book of Clouds

   Spells                             Type                      Level
   a - Mephitic Cloud                 Conjuration/Poison/Air       3
   b - Conjure Flame                  Conjuration/Fire             3
   c - Poisonous Cloud                Conjuration/Poison/Air       6
   d - Freezing Cloud                 Conjuration/Ice/Air          6
   e - Ring of Flames                 Charms/Fire                  7
 D - the Guide on the Traveller and Transformation
   (You found it in the Dungeon)

   Spells                             Type                      Level
   a - Apportation                    Translocation                1
   b - Recall                         Summoning/Translocation      3
   c - Portal Projectile              Translocation                3
   d - Passage of Golubria            Translocation                4
   e - Irradiate                      Conjuration/Transmutation    5
 E - Ler Wywn's Catalogue of Damaging Sinister Rituals
   (You found it in the Dungeon)

   Spells                             Type                      Level
   a - Throw Frost                    Conjuration/Ice              2
   b - Sublimation of Blood           Necromancy                   2
   c - Mephitic Cloud                 Conjuration/Poison/Air       3
   d - Lightning Bolt                 Conjuration/Air              5
 F - the Catalogue of Dislocation and Curses
   (You found it in the Dungeon)

   Spells                             Type                      Level
   a - Apportation                    Translocation                1
   b - Shroud of Golubria             Charms/Translocation         2
   c - Confuse                        Hexes                        3
 G - a book of the Warp

   Spells                             Type                      Level
   a - Gell's Gravitas                Hexes/Translocation          3
   b - Portal Projectile              Translocation                3
   c - Force Lance                    Conjuration/Translocation    4
   d - Dispersal                      Translocation                6
   e - Controlled Blink               Translocation                8
   f - Disjunction                    Translocation                8
Comestibles
 b - 8 meat rations


   Skills:
 - Level 10.8 Fighting
 - Level 21.9 Dodging
 - Level 20.7 Stealth
 - Level 24.0 Unarmed Combat
 * Level 1.6 Spellcasting
 * Level 1.8 Conjurations
 * Level 1.7 Ice Magic


You had 9 spell levels left.
You knew the following spells:

 Your Spells              Type           Power        Failure   Level  Hunger
a - Throw Icicle          Conj/Ice       #.......     98%         4    #####..


Dungeon Overview and Level Annotations

Branches:
Dungeon (1/1)

Altars:
Ashenzari
Cheibriados
Dithmenos
Elyvilon
Fedhas
Gozag
Hepliaklqana
Kikubaaqudgha
Makhleb
Nemelex Xobeh
Okawaru
Qazlal
Ru
Sif Muna
Trog
Uskayaw
Vehumet
Xom
Yredelemnul
Zin
The Shining One
Beogh
Jiyva
Lugonu

Shops:
D %


Innate Abilities, Weirdness & Mutations

You cannot wear armour.
You are incapable of wielding weapons or throwing items.
Your paws allow you to move quietly. (Stealth)
You have sharp claws.
You have razor-sharp teeth.
You have supernaturally acute eyesight. (SInv)
You are carnivorous and can eat meat at any time.
You cover ground quickly.
Your thick and shaggy fur keeps you warm. (AC +3, rC+)
You have a slow metabolism.
Your sharp claws are effective at attacking unaware monsters.


Message History

[b] 557 gold - Sabloitz's Distillery [c] 461 gold - Leitiy's Assorted Antiques [d] 410 gold - Kynloll's General Store Fund which merchant?
Muugaemel invites you to visit her Food Emporium.
The profane servitor hits you with an enchanted demon whip.
* * * LOW HITPOINT WARNING * * *
The profane servitor draws strength from your injuries!
The profane servitor completely misses you.
The profane servitor completely misses you.
The profane servitor hits you with an enchanted demon whip.
* * * LOW HITPOINT WARNING * * *
There is a large open door to the Armoury (Hard), spattered with blood here.
Things that are here:
a robe; a dagger; 63 gold pieces
Things that are here:
a shiny chain mail; 15 arrows; a longbow The profane servitor hits you with an enchanted demon whip!!
You die...
Your body crumbles into a pile of gold.

'')).).#.....#..# #'#
').)..)#.....# .# #.#
############## # #'#
###############################'#
)..........∩......[.............#
........................).......#
##############['##############..#
# #<# #.#...[A.(.#.# #..# # #)#
#.#.#.(.@#.#.# #..# # #)#
#............# #..# # #)#
#.#(#....#.#.# #..# #
#)#+#..[(........#+#+# #..# #
#...#.#.#z([.#$#.#...# #[.# #
#.))[................# #..# #
#.#.#.#.#[...#.#.#)#.###+#..#
#$......#...#....#...#.....))#..#
##############################''#


You could see a profane servitor and a neutral death cob.

Vanquished Creatures
  Ereshkigal (D)
  A Tzitzimitl (D)
  An azure jelly (D)
  A ghost moth (D)
  A draconian scorcher (D)
  A centaur warrior (D)
  A shadow wraith (D)
  A sea snake (D)
  A spriggan druid (D)
  An unseen horror (D)
  A phantasmal warrior (D)
  A deep elf mage (D)
  An orc sorcerer (D)
  Joseph (D)
  A freezing wraith (D)
  An efreet (D)
  2 ice devils (D)
  2 demonic crawlers (D)
  A troll (D)
  A wandering mushroom (D)
  2 jumping spiders (D)
  A two-headed ogre (D)
  3 blink frogs (D)
  A wraith (D)
  A basilisk (D)
  A fire bat (D)
  4 vampire mosquitoes (D)
  A sky beast (D)
  Duvessa (D)
  An ogre (D)
  A wolf (D)
  2 eyes of draining (D)
  3 scorpions (D)
  A jelly (D)
  3 orc priests (D)
  An orc wizard (D)
  Crazy Yiuf (D)
  A gnoll (D)
  An adder (D)
  A river rat (D)
  2 ufetubi (D)
  An ooze (D)
  An adder zombie (D)
  4 orcs (D)
  A bat skeleton (D)
  2 hobgoblins (D)
  3 jackals (D)
  A quokka (D)
  A jackal zombie (D)
69 creatures vanquished.

Vanquished Creatures (collateral kills)
  An orb of fire (D)
  A curse toe (D)
  A bone dragon (D)
  An Ice Fiend (D)
  A quicksilver dragon (D)
  A deep elf blademaster (D)
  An Executioner (D)
  An azure jelly (D)
  A war gargoyle (D)
  A dire elephant (D)
  A blizzard demon (D)
  A green death (D)
  An ice dragon (D)
  An alligator snapping turtle (D)
  2 vampire magi (D)
  A sea snake (D)
  A cherub (D)
  5 orc knights (D)
  A demonic crawler (D)
  5 blink frogs (D)
  A hippogriff (D)
  A slime creature (D)
  An earth elemental (D)
32 creatures vanquished.

Vanquished Creatures (others)
  3 ancient liches (D)
  A greater mummy (D)
  Xtahua (D)
  2 Killer Klowns (D)
  3 curse toes (D)
  Jory (D)
  2 Brimstone Fiends (D)
  An Ice Fiend (D)
  2 liches (D)
  4 sphinxes (D)
  A quicksilver dragon (D)
  A deep elf master archer (D)
  Murray (D)
  3 Executioners (D)
  A shadow dragon (D)
  A storm dragon (D)
  A daeva (D)
  2 nagarajas (D)
  A draconian monk (D)
  An iron dragon (D)
  A deep elf sorcerer (D)
  Louise (D)
  2 orc warlords (D)
  A spriggan defender (D)
  A draconian caller (D)
  A mottled draconian (D)
  A deep elf demonologist (D)
  A white draconian (D)
  A red draconian (D)
  2 deep elf death magi (D)
  2 ogre magi (D)
  A minotaur (D)
  2 yaktaur captains (D)
  Harold (D)
  4 vault guards (D)
  A deep elf high priest (D)
  A spriggan berserker (D)
  Urug (D)
  Nergalle (D)
  5 hell knights (D)
  2 deep elf knights (D)
  A sixfirhy (D)
  2 cherubim (D)
  A hill giant (D)
  3 wizards (D)
  2 necromancers (D)
  8 orc knights (D)
  A cyclops (shapeshifter) (D)
  A naga mage (D)
  A rime drake (D)
  A freezing wraith (D)
  A hellion (D)
  3 yaktaurs (D)
  A guardian mummy (D)
  3 slime creatures (D)
  A ynoxinul (D)
  A neqoxec (D)
  A hungry ghost (D)
  2 floating eyes (D)
  A hell rat (D)
  An adder skeleton (D)
  An orc (D)
  A ball python (D)
  A bat skeleton (D)
  A quokka zombie (D)
106 creatures vanquished.

Grand Total: 207 creatures vanquished

Notes
Turn   | Place    | Note
-------+----------+-------------------------------------------
     0 | D        | equalderp2856 the Felid Fighter began the quest for the Orb.
     0 | D        | Reached XP level 1. HP: 10/10 MP: 2/2
    49 | D        | Found a radiant altar of Vehumet.
    49 | D        | Found a hide-covered altar of Uskayaw.
    49 | D        | Found an ancient bone altar of Kikubaaqudgha.
    49 | D        | Found a viscous altar of Jiyva.
    49 | D        | Found a hazy altar of Hepliaklqana.
    50 | D        | Found a bloodstained altar of Trog.
    50 | D        | Found a deep blue altar of Sif Muna.
    50 | D        | Found a sacrificial altar of Ru.
    50 | D        | Found a stormy altar of Qazlal.
    50 | D        | Found an iron altar of Okawaru.
    50 | D        | Found a sparkling altar of Nemelex Xobeh.
    50 | D        | Found an opulent altar of Gozag.
    50 | D        | Found a blossoming altar of Fedhas.
    50 | D        | Found a white marble altar of Elyvilon.
    50 | D        | Found a shadowy altar of Dithmenos.
    50 | D        | Found a snail-covered altar of Cheibriados.
    51 | D        | Found a glowing golden altar of the Shining One.
    51 | D        | Found a glowing silver altar of Zin.
    52 | D        | Found a burning altar of Makhleb.
    52 | D        | Found a basalt altar of Yredelemnul.
    52 | D        | Found a roughly hewn altar of Beogh.
    53 | D        | Found a corrupted altar of Lugonu.
    53 | D        | Found a shimmering altar of Xom.
    53 | D        | Found a shattered altar of Ashenzari.
   153 | D        | Became a worshipper of Gozag Ym Sagoz the Greedy
   196 | D        | Reached skill level 5 in Unarmed Combat
   196 | D        | Reached XP level 2. HP: 9/14 MP: 3/3
   335 | D        | Reached skill level 5 in Dodging
   365 | D        | Reached skill level 6 in Unarmed Combat
   365 | D        | Reached XP level 3. HP: 12/18 MP: 4/4
   514 | D        | Noticed an ogre
   514 | D        | Noticed a scorpion
   516 | D        | Noticed Crazy Yiuf
   543 | D        | Killed an ogre
   543 | D        | Reached skill level 1 in Stealth
   543 | D        | Reached skill level 8 in Unarmed Combat
   543 | D        | Reached XP level 4. HP: 22/22 MP: 5/5
   549 | D        | Reached skill level 9 in Unarmed Combat
   549 | D        | Reached XP level 5. HP: 25/25 MP: 6/6
   554 | D        | Killed Crazy Yiuf
   554 | D        | Reached skill level 5 in Fighting
   569 | D        | Reached skill level 10 in Unarmed Combat
   591 | D        | Noticed a sky beast
   604 | D        | Killed a sky beast
   604 | D        | Reached skill level 11 in Unarmed Combat
   604 | D        | Gained mutation: You are covered in thick fur. (AC +2) [Felid growth]
   604 | D        | Reached XP level 6. HP: 19/30 MP: 7/7
   721 | D        | Noticed a deep elf mage
   723 | D        | Killed a deep elf mage
   723 | D        | Reached skill level 10 in Dodging
   723 | D        | Reached skill level 13 in Unarmed Combat
   723 | D        | Reached XP level 7. HP: 35/35 MP: 8/8
   726 | D        | Noticed Duvessa
   737 | D        | Killed Duvessa
   868 | D        | Noticed a sea snake
   868 | D        | Noticed a wraith
   892 | D        | Killed a sea snake
   892 | D        | Reached skill level 14 in Unarmed Combat
   892 | D        | Reached XP level 8. HP: 37/39 MP: 9/9
  1086 | D        | Noticed an ice devil
  1091 | D        | Killed an ice devil
  1091 | D        | Reached skill level 15 in Unarmed Combat
  1106 | D        | Noticed Joseph
  1113 | D        | Killed Joseph
  1113 | D        | Reached skill level 10 in Stealth
  1113 | D        | Reached XP level 9. HP: 42/42 MP: 10/10
  1133 | D        | Reached skill level 16 in Unarmed Combat
  1154 | D        | Noticed a shadow wraith
  1162 | D        | Killed a shadow wraith
  1278 | D        | Reached skill level 17 in Unarmed Combat
  1320 | D        | Noticed a demonic crawler
  1321 | D        | Noticed an unseen horror
  1326 | D        | Noticed a phantasmal warrior
  1362 | D        | Killed a demonic crawler
  1362 | D        | Reached XP level 10. HP: 42/47 MP: 11/11
  1390 | D        | Killed an unseen horror
  1400 | D        | Killed a phantasmal warrior
  1621 | D        | Noticed an orc sorcerer
  1665 | D        | Reached skill level 15 in Stealth
  1758 | D        | Killed an orc sorcerer
  1758 | D        | Reached skill level 18 in Unarmed Combat
  1890 | D        | Noticed Urug
  1903 | D        | Killed Harold
  2233 | D        | Noticed a centaur warrior
  2247 | D        | Killed a centaur warrior
  2247 | D        | Reached XP level 11. HP: 21/51 MP: 12/12
  2269 | D        | Reached skill level 15 in Dodging
  2269 | D        | Reached skill level 19 in Unarmed Combat
  2486 | D        | Noticed a sixfirhy
  2489 | D        | Noticed a hill giant
  2490 | D        | Mangled by a sixfirhy
  2491 | D        | Reached XP level 10. HP: -6/48 MP: 11/11
  2493 | D        | Noticed an orc knight
  2493 | D        | Noticed a spriggan berserker
  2494 | D        | Noticed a yaktaur captain
  2494 | D        | Noticed a bone dragon
  2494 | D        | Noticed an orc knight
  2496 | D        | Noticed an orc knight
  2496 | D        | Noticed an orc knight
  2498 | D        | Noticed a vault guard
  2499 | D        | Killed an orc knight
  2516 | D        | Killed an orc knight
  2516 | D        | Killed a vault guard
  2519 | D        | Killed a bone dragon
  2520 | D        | Killed an orc knight
  2523 | D        | Noticed an orc knight
  2533 | D        | Noticed an orc knight
  2536 | D        | Killed a vault guard
  2555 | D        | Killed an orc knight
  2556 | D        | Noticed an orc knight
  2561 | D        | Noticed an orc knight
  2566 | D        | Noticed an orc knight
  2567 | D        | Noticed an orc warlord
  2567 | D        | Noticed an orc warlord
  2568 | D        | Noticed an orc knight
  2568 | D        | Noticed a deep elf knight
  2577 | D        | Noticed an orc knight
  2579 | D        | Noticed an orc knight
  2587 | D        | Killed an orc knight
  2589 | D        | Noticed an orc knight
  2589 | D        | Killed an orc knight
  2594 | D        | Killed an orc knight
  2629 | D        | Killed a deep elf knight
  2632 | D        | Killed a deep elf knight
  2638 | D        | Killed an orc knight
  2669 | D        | Killed an orc warlord
  2671 | D        | Killed a deep elf master archer
  2717 | D        | Killed a vault guard
  2773 | D        | Killed Urug
  2883 | D        | Noticed Nergalle
  2883 | D        | Noticed a minotaur
  2884 | D        | Reached skill level 20 in Unarmed Combat
  2899 | D        | Noticed a sea snake
  2899 | D        | Noticed an alligator snapping turtle
  2914 | D        | Killed an alligator snapping turtle
  2914 | D        | Reached XP level 11. HP: 28/52 MP: 12/12
  2922 | D        | Killed a sea snake
  2938 | D        | Your ally died
  3254 | D        | Noticed a vampire mage
  3258 | D        | Noticed a vampire mage
  3259 | D        | Noticed a jiangshi
  3259 | D        | Noticed a flayed ghost
  3259 | D        | Noticed a jiangshi
  3264 | D        | Noticed an ice dragon
  3268 | D        | Killed a vampire mage
  3271 | D        | Noticed a flayed ghost
  3272 | D        | Killed a vampire mage
  3274 | D        | Killed an ice dragon
  3289 | D        | Noticed a deep elf demonologist
  3289 | D        | Noticed a lich
  3292 | D        | Noticed a nagaraja
  3292 | D        | Noticed a sphinx
  3293 | D        | Noticed a deep elf death mage
  3298 | D        | Noticed a sphinx
  3301 | D        | Killed a wizard
  3301 | D        | Killed a wizard
  3303 | D        | Killed a nagaraja
  3304 | D        | Killed a lich
  3305 | D        | Killed a sphinx
  3306 | D        | Noticed an iron dragon
  3307 | D        | Noticed a death cob
  3328 | D        | Killed a deep elf sorcerer
  3330 | D        | Killed an iron dragon
  3343 | D        | Killed a red draconian
  3345 | D        | Killed a sphinx
  3355 | D        | Noticed a cherub
  3375 | D        | Killed a sphinx
  3380 | D        | Killed a deep elf high priest
  3385 | D        | Killed an ogre mage
  3387 | D        | Killed a cherub
  3392 | D        | Noticed a deep elf death mage
  3393 | D        | Killed an ogre mage
  3456 | D        | Identified the Guide on the Traveller and Transformation (You found it in the Dungeon)
  3459 | D        | Identified Ler Wywn's Catalogue of Damaging Sinister Rituals (You found it in the Dungeon)
  3462 | D        | Identified the Catalogue of Dislocation and Curses (You found it in the Dungeon)
  3516 | D        | Got the amulet of Duiq {*Corrode Regen+ Dex+2 Stlth+}
  3518 | D        | Got the amulet of Xom's Fair Game {Spirit Dex+3}
  3521 | D        | Got the ring "Maumeaf" {*Contam rPois rF+ rC+ SInv}
  3523 | D        | Got the amulet "Qaloot" {*Drain rF- Regen+ Str+9 Stlth+}
  3536 | D        | Got the ring of Russ {rPois MR+ AC+6 Int+2}
  3544 | D        | Got the ring "Tethrorr" {rElec MR+ Int+6}
  3546 | D        | Got the ring "Tovaz" {rF+ Dex+5 Stlth+}
  3548 | D        | Killed a hill giant
  3655 | D        | Noticed Murray
  3659 | D        | Noticed a white draconian
  3662 | D        | Noticed a Brimstone Fiend
  3722 | D        | Noticed a dire elephant
  3745 | D        | Noticed a spriggan defender
  3745 | D        | Noticed an Executioner
  3750 | D        | Killed a spriggan defender
  3754 | D        | Killed a dire elephant
  3754 | D        | Reached skill level 21 in Unarmed Combat
  3754 | D        | Killed an Executioner
  3765 | D        | Killed an orc knight
  3785 | D        | Noticed a quicksilver dragon
  3785 | D        | Noticed a hell knight
  3785 | D        | Noticed a necromancer
  3786 | D        | Noticed a necromancer
  3786 | D        | Noticed a black draconian caller
  3786 | D        | Noticed a hell knight
  3786 | D        | Noticed a hell knight
  3789 | D        | Killed a necromancer
  3790 | D        | Noticed a hell knight
  3791 | D        | Killed a hell knight
  3792 | D        | Killed a hell knight
  3792 | D        | Killed a quicksilver dragon
  3794 | D        | Killed a necromancer
  3795 | D        | Killed a black draconian caller
  3795 | D        | Killed a hell knight
  3797 | D        | Killed a hell knight
  3807 | D        | Noticed a Brimstone Fiend
  3812 | D        | Killed a sixfirhy
  3816 | D        | Killed a hell knight
  3818 | D        | Killed a Brimstone Fiend
  3819 | D        | Noticed an azure jelly
  3820 | D        | Killed an orc knight
  3821 | D        | Killed an azure jelly
  3828 | D        | Noticed a sphinx
  3842 | D        | Noticed a war gargoyle
  3842 | D        | Noticed a curse toe
  3842 | D        | Noticed a quicksilver dragon
  3842 | D        | Noticed a green death
  3842 | D        | Noticed a storm dragon
  3842 | D        | Noticed Louise
  3843 | D        | Noticed an Executioner
  3851 | D        | Killed from afar by a war gargoyle
  3852 | D        | Reached XP level 10. HP: -2/49 MP: 0/11
  3858 | D        | Noticed a black draconian monk
  3865 | D        | Killed a curse toe
  3867 | D        | Killed Louise
  3872 | D        | Killed a yaktaur captain
  3873 | D        | Killed a storm dragon
  3877 | D        | Killed a mottled draconian
  3884 | D        | Killed a war gargoyle
  3887 | D        | Killed a sphinx
  3897 | D        | Killed a green death
  3902 | D        | Noticed an azure jelly
  3904 | D        | Killed an azure jelly
  3904 | D        | Reached XP level 11. HP: 53/53 MP: 12/12
  3906 | D        | Killed a quicksilver dragon
  3907 | D        | Noticed a deep elf master archer
  3907 | D        | Killed a black draconian monk
  3910 | D        | Noticed a curse toe
  3910 | D        | Noticed a daeva
  3910 | D        | Noticed an ancient lich
  3910 | D        | Noticed a vault guard
  3910 | D        | Noticed a titan
  3910 | D        | Noticed a shadow dragon
  3912 | D        | Paralysed by a floating eye for 2 turns
  3912 | D        | Your ally died
  3919 | D        | Killed a shadow dragon
  3922 | D        | Killed a vault guard
  4036 | D        | Noticed Ereshkigal
  4043 | D        | Noticed a Killer Klown
  4045 | D        | Noticed a blizzard demon
  4050 | D        | Noticed a greater mummy
  4055 | D        | Noticed a yellow draconian scorcher
  4057 | D        | Killed a yellow draconian scorcher
  4057 | D        | Reached skill level 22 in Unarmed Combat
  4062 | D        | Killed a blizzard demon
  4078 | D        | Noticed an orb of fire
  4083 | D        | Killed an ancient lich
  4087 | D        | Noticed a curse toe
  4094 | D        | Killed a daeva
  4107 | D        | Noticed a Tzitzimitl
  4111 | D        | Noticed a cherub
  4112 | D        | Killed an Executioner
  4113 | D        | Noticed an ancient lich
  4114 | D        | Noticed a deep elf blademaster
  4118 | D        | Noticed an Executioner
  4119 | D        | Noticed a Brimstone Fiend
  4121 | D        | Got the ring "Toyzurche" {rN+ Str+6 Dex+4 Stlth-}
  4125 | D        | Got the amulet "Uxkopiu" {Harm *Drain +Fly rPois rF+ Int-5}
  4178 | D        | Killed Ereshkigal
  4178 | D        | Reached skill level 10 in Fighting
  4178 | D        | Reached skill level 23 in Unarmed Combat
  4178 | D        | Gained mutation: Your thick and shaggy fur keeps you warm. (AC +3, rC+) [Felid growth]
  4178 | D        | Reached XP level 12. HP: 58/58 MP: 13/13
  4181 | D        | Noticed a ghost moth
  4183 | D        | Killed a ghost moth
  4186 | D        | Noticed an Ice Fiend
  4188 | D        | Killed an Ice Fiend
  4189 | D        | Noticed Xtahua
  4192 | D        | Noticed a curse toe
  4195 | D        | Killed an Ice Fiend
  4210 | D        | Killed a curse toe
  4218 | D        | Noticed Jory
  4225 | D        | Your ally died
  4236 | D        | Killed from afar by an orb of fire
  4236 | D        | Killed an orb of fire
  4237 | D        | Reached XP level 11. HP: -24/55 MP: 0/12
  4265 | D        | Killed a Tzitzimitl
  4295 | D        | Killed Jory
  4295 | D        | Reached skill level 24 in Unarmed Combat
  4315 | D        | Learned a level 4 spell: Throw Icicle
  4330 | D        | Killed an ancient lich
  4334 | D        | Killed an Executioner
  4364 | D        | Killed a Killer Klown
  4410 | D        | Killed an ancient lich
  4415 | D        | Noticed a deep elf blademaster
  4416 | D        | Noticed a ghoul
  4417 | D        | Noticed a ghoul
  4417 | D        | Noticed a ghoul
  4423 | D        | Noticed an Executioner
  4440 | D        | Killed an Executioner
  4484 | D        | Killed a cherub
  4532 | D        | Noticed a wizard
  4532 | D        | Noticed a spriggan druid
  4532 | D        | Noticed a black draconian
  4532 | D        | Noticed a profane servitor
  4532 | D        | Noticed a hill giant
  4535 | D        | Killed a spriggan druid
  4535 | D        | Reached skill level 1 in Spellcasting
  4535 | D        | Reached skill level 1 in Conjurations
  4535 | D        | Reached skill level 1 in Ice Magic
  4607 | D        | Noticed a yellow draconian
  4710 | D        | Killed a wizard
  4758 | D        | Killed a white draconian
  4760 | D        | Killed a lich
  4789 | D        | Mangled by a profane servitor

Skill      XL: |  1  2  3  4  5  6  7  8  9 10 11 |
---------------+----------------------------------+-----
Unarmed Combat | 5 6 8 9 11 13 14 15 17 20 24 | 24.0
Dodging        | 5 7 9 10 11 12 13 18 21 | 21.9
Fighting       | 4 5 6 7 8 10 | 10.8
Stealth        | 1 2 3 6 8 10 13 18 20 | 20.7
Spellcasting   | 1 |  1.6
Conjurations   | 1 |  1.8
Ice Magic      | 1 |  1.7

Action                   |  1- 3 |  4- 6 |  7- 9 | 10-12 || total
-------------------------+-------+-------+-------+-------++-------
Melee: Unarmed           |    54 |    29 |    89 |   163 ||   335
       Bite              |     3 |     3 |     9 |    32 ||    47
       Punch             |       |     3 |     3 |    16 ||    22
Invok: Potion Petition   |       |       |       |     5 ||     5
       Bribe Branch      |       |       |       |     3 ||     3
       Call Merchant     |       |       |       |     1 ||     1
  Use: Potion            |     1 |       |     4 |    16 ||    21
       Scroll            |       |       |       |     1 ||     1
 Stab: Sleeping          |     1 |     2 |    10 |     6 ||    19
       Distracted        |       |     1 |       |     2 ||     3
  Eat: Chunk             |     3 |       |       |       ||     3
Armor: Skin              |     4 |       |       |     3 ||     7
Dodge: Dodged            |    43 |    17 |    89 |   241 ||   390
